 Dungeon Crawl Stone Soup version 0.31.0-11-ge490571c62 (webtiles) character file.

Game seed: 7237282435713089068

32645243 bananaglory the Intangible (level 27, 323/323 HPs)
             Began as a Merfolk Brigand on Feb 3, 2024.
             Was a Follower of Uskayaw.
             Escaped with the Orb
             ... and 15 runes
             ... and 7 gems!
             The game lasted 03:43:08 (46185 turns).

bananaglory the Intangible (Merfolk Brigand)       Turns: 46185, Time: 03:43:09

Health: 323/323    AC: 48    Str: 13    XL:     27
Magic:  40/40      EV: 52    Int: 12    God:    Uskayaw [*.....]
Gold:   4661       SH: 20    Dex: 38    Spells: 26/26 levels left

rFire   + + +        a - +9 eudemon blade (holy)
rCold   + . .        w - +3 buckler {rC+ rF+}
rNeg    + + +        S - melded +0 troll leather armour
rPois   ∞            c - +2 helmet {SInv}
rElec   +            A - +2 ratskin cloak {*Rats rPois rN+ Str-1 Int-1 Dex+1}
rCorr   +            o - melded +2 pair of gloves {Dex+3}
SInv    +            J - melded +0 pair of boots {rampage}
Will    ++...        U - amulet of Propriety {Reflect ^Drain rElec Regen+ rCorr Int-2 SH+5}
Stlth   ++++         K - ring "Husalou" {rN+ AC+4 Str+2 Dex+3 Stlth+}
HPRegen 1.53/turn    D - ring "Onihohi" {^Drain rF+ Dex+8 Stlth+}
MPRegen 0.27/turn

%: random rage (3%), reflection
@: statue-form, studying Short Blades, very slow
A: slow and powerful, torment resistance 1, boosted hp, (nimble swimmer 2),
mertail, berserk 1, clever 1, fire resistance 1, poison resistance, screaming 1,
electricity resistance, subdued magic 2, persistent drain
0: Orb of Zot
}: 15/15 runes: barnacled, slimy, silver, golden, iron, obsidian, icy, bone,
abyssal, demonic, glowing, magical, fiery, dark, gossamer
a: Begin Untransformation, Renounce Religion, Stomp


You escaped.
You worshipped Uskayaw.
Uskayaw was exalted by your worship.
You were a living statue of rough stone.
You visited 18 branches of the dungeon, and saw 88 of its levels.
You visited Pandemonium 1 time, and saw 24 of its levels.
You visited the Abyss 4 times.
You visited 3 bazaars.
You also visited: Bailey.

You collected 9821 gold pieces.
You spent 5160 gold pieces at shops.

Inventory:

Hand Weapons
 a - a +9 eudemon blade of holy wrath (weapon)
 d - a +2 double sword of flaming
 s - a +7 heavy double sword
Missiles
 l - 9 throwing nets
Armour
 c - a +2 helmet of see invisible (worn)
 o - a +2 pair of gloves of dexterity (melded)
 w - a +3 buckler of resistance (worn)
 A - the +2 ratskin cloak (worn) {*Rats rPois rN+ Str-1 Int-1 Dex+1}
   (You found it on level 11 of the Dungeon)

   *Rats:     When the wearer is hurt, rats may emerge from it to assist them.
   Str-1:     It affects your strength (-1).
   Int-1:     It affects your intelligence (-1).
   Dex+1:     It affects your dexterity (+1).
   rPois:     It protects you from poison rN+: It protects you from negative
   energy.
 F - a scarf of resistance
 J - a +0 pair of boots of rampaging (melded)
 L - the scarf "Ynorit" {repulsion, Dex+3}
   (You bought it in a shop in a bazaar)

   Dex+3:     It affects your dexterity (+3).
 S - a +0 troll leather armour (melded)
Jewellery
 h - the dreamshard necklace {Acrobat *Dream}
   (You took it off an ironbound convoker on level 1 of the Vaults)

   [amulet of the acrobat]

   *Dream:    It absorbs a single lethal wound into itself, holding its wearer
   just short of death and releasing dream-creatures to guard them.
   Acrobat:   It increases your evasion while moving and waiting.
 B - the ring of Ataunlun {rF+ rN+ Will+ Str-2}
   (You found it on level 3 of the Crypt)

   [ring of positive energy]

   Str-2:     It affects your strength (-2).
   rF+:       It protects you from fire.
   rN+:       It protects you from negative energy.
   Will+:     It increases your willpower.
 D - the ring "Onihohi" (right fist) {^Drain rF+ Dex+8 Stlth+}
   (You bought it in a shop on level 5 of the Dungeon)

   [ring of protection from fire]

   Dex+8:     It affects your dexterity (+8).
   rF+:       It protects you from fire.
   ^Drain:    It drains your maximum health when unequipped.
   Stlth+:    It makes you more stealthy.
 H - a ring of positive energy
 K - the ring "Husalou" (left fist) {rN+ AC+4 Str+2 Dex+3 Stlth+}
   (You bought it in a shop in a bazaar)

   [ring of protection]

   AC+4:      It affects your AC (+4).
   Str+2:     It affects your strength (+2).
   Dex+3:     It affects your dexterity (+3).
   rN+:       It protects you from negative energy.
   Stlth+:    It makes you more stealthy.
 T - the ring of the Distant Future {rPois Will+ Dex+6 Stlth+}
   (You found it on level 5 of the Vaults)

   [ring of dexterity]

   Dex+6:     It affects your dexterity (+6).
   rPois:     It protects you from poison Will+: It increases your willpower.
   Stlth+:    It makes you more stealthy.
 U - the amulet of Propriety (around neck) {Reflect ^Drain rElec Regen+ rCorr Int-2 SH+5}
   (You found it on level 1 of the Lair of Beasts)

   [amulet of reflection]

   Reflect:   It reflects blocked missile attacks.
   Int-2:     It affects your intelligence (-2).
   rElec:     It insulates you from electricity.
   Regen+:    It increases your rate of health regeneration.
   rCorr:     It protects you from acid and corrosion.
   ^Drain:    It drains your maximum health when unequipped.
   SH+5:      It affects your SH (+5).
 X - the ring "Nusm" {rElec rPois rC+ Str+4}
   (You took it off a deep elf demonologist on level 3 of the Elven Halls)

   [ring of poison resistance]

   Str+4:     It affects your strength (+4).
   rC+:       It protects you from cold.
   rElec:     It insulates you from electricity.
   rPois:     It protects you from poison
Talismans
 Y - a granite talisman (active)
Wands
 b - a wand of polymorph (28)
 e - a wand of flame (21)
 C - a wand of roots (58)
 P - a wand of charming (76)
 V - a wand of digging (25)
 W - a wand of mindburst (33)
Scrolls
 g - 7 scrolls of fog
 i - a scroll of revelation
 j - 3 scrolls of poison
 n - 4 scrolls of brand weapon
 q - a scroll of blinking
 r - a scroll of enchant armour
 t - 8 scrolls of teleportation
 y - 2 scrolls of summoning
 O - 11 scrolls of immolation
 Q - 7 scrolls of torment
Potions
 f - 26 potions of curing
 k - 9 potions of resistance
 m - 8 potions of magic
 u - a potion of cancellation
 v - 10 potions of enlightenment
 x - 3 potions of might
 z - 11 potions of brilliance
 G - 8 potions of heal wounds
 I - a potion of mutation
 N - 7 potions of ambrosia
Miscellaneous
 E - a condenser vane
 M - a phantom mirror
 R - a phial of floods
 Z - a sack of spiders


   Skills:
 O Level 27 Fighting
 - Level 2.4(18.2) Short Blades
 O Level 27 Long Blades
 - Level 2.0 Throwing
 O Level 27 Dodging
 - Level 20.0 Stealth
 - Level 18.0 Shields
 O Level 27 Invocations
 + Level 25.4 Evocations
 O Level 27 Shapeshifting


You had 26 spell levels left.
You didn't know any spells.
Your spell library contained the following spells:

 Spells                   Type           Power      Damage    Failure   Level
 Apportation              Tloc           0%         N/A       28%         1
 Freeze                   Ice            0%         1d3       28%         1
 Magic Dart               Conj           0%         1d3       28%         1
 Necrotise                Necr           0%         1d4       28%         1
 Shock                    Conj/Air       0%         1d3       28%         1
 Slow                     Hex            0%         N/A       28%         1
 Sting                    Conj/Alch      0%         1d3       28%         1
 Blink                    Tloc           0%         N/A       41%         2
 Call Imp                 Summ           0%         N/A       41%         2
 Cigotuvi's Dreadful Rot  Necr/Alch/Air  0%         N/A       41%         2
 Ensorcelled Hibernation  Hex/Ice        0%         N/A       41%         2
 Jinxbite                 Hex            0%         N/A       41%         2
 Lesser Beckoning         Tloc           0%         N/A       41%         2
 Mercury Vapours          Alch/Air       0%         N/A       41%         2
 Momentum Strike          Conj/Tloc      0%         3d8       41%         2
 Static Discharge         Conj/Air       0%         3-3/arc   41%         2
 Call Canine Familiar     Summ           0%         N/A       65%         3
 Dazzling Flash           Conj/Hex       0%         N/A       65%         3
 Inner Flame              Hex/Fire       0%         N/A       65%         3
 Mephitic Cloud           Conj/Alch/Air  0%         N/A       65%         3
 Ozocubu's Armour         Ice            0%         N/A       65%         3
 Passwall                 Erth           0%         N/A       65%         3
 Sigil of Binding         Hex            0%         N/A       65%         3
 Stone Arrow              Conj/Erth      0%         3d7       65%         3
 Swiftness                Air            0%         N/A       65%         3
 Vampiric Draining        Necr           0%         2d6       65%         3
 Animate Armour           Summ/Erth      0%         N/A       97%         4
 Animate Dead             Necr           0%         N/A       97%         4
 Brom's Barrelling Bould  Conj/Erth      0%         2d3       97%         4
 Dimensional Bullseye     Hex/Tloc       0%         N/A       97%         4
 Dispel Undead            Necr           0%         3d6       97%         4
 Flame Wave               Conj/Fire      0%         2d4       97%         4
 Fulminant Prism          Conj/Alch      0%         3d5       97%         4
 Ignite Poison            Fire/Alch      0%         N/A       97%         4
 Leda's Liquefaction      Alch/Erth      0%         N/A       97%         4
 Manifold Assault         Tloc           0%         N/A       97%         4
 Martyr's Knell           Necr/Summ      0%         N/A       97%         4
 Olgreb's Toxic Radiance  Alch           0%         N/A       97%         4
 Passage of Golubria      Tloc           0%         N/A       97%         4
 Sticky Flame             Fire/Alch      0%         2d4       97%         4
 Summon Blazeheart Golem  Fire/Summ      0%         N/A       97%         4
 Alistair's Intoxication  Alch           0%         N/A       100%        5
 Borgnjor's Vile Clutch   Necr/Erth      0%         N/A       100%        5
 Curse of Agony           Necr           0%         N/A       100%        5
 Fireball                 Conj/Fire      0%         3d3       100%        5
 Freezing Cloud           Conj/Ice/Air   0%         6-21      100%        5
 Iskenderun's Battlesphe  Conj           0%         2d6       100%        5
 Lee's Rapid Deconstruct  Erth           0%         3d4*      100%        5
 Metabolic Englaciation   Hex/Ice        0%         N/A       100%        5
 Silence                  Hex/Air        0%         N/A       100%        5
 Yara's Violent Unravell  Hex/Alch       0%         3d3       100%        5
 Bombard                  Conj/Erth      0%         9d1       100%        6
 Conjure Ball Lightning   Conj/Air       0%         3x3d6     100%        6
 Death Channel            Necr           0%         N/A       100%        6
 Dispersal                Tloc           0%         N/A       100%        6
 Sculpt Simulacrum        Ice/Alch       0%         N/A       100%        6
 Starburst                Conj/Fire      0%         6d3       100%        6
 Enfeeble                 Hex            0%         N/A       100%        7
 Haunt                    Necr/Summ      0%         N/A       100%        7
 Malign Gateway           Summ/Tloc      0%         N/A       100%        7
 Orb of Destruction       Conj           0%         9d5       100%        7
 Ozocubu's Refrigeration  Ice            0%         4d7       100%        7
 Spellforged Servitor     Conj/Summ      0%         N/A       100%        7
 Borgnjor's Revivificati  Necr           0%         N/A       100%        8
 Discord                  Hex            0%         N/A       100%        8
 Disjunction              Tloc           0%         N/A       100%        8
 Infestation              Necr           0%         N/A       100%        8
 Lehudib's Crystal Spear  Conj/Erth      0%         10d2      100%        8
 Death's Door             Necr           0%         N/A       100%        9
 Fire Storm               Conj/Fire      0%         5d1       100%        9
 Polar Vortex             Ice            0%         N/A       100%        9


Dungeon Overview and Level Annotations

Branches:
Dungeon (15/15)            Temple (1/1) D:4            Lair (5/5) D:8
 Shoals (4/4) Lair:2       Spider (4/4) Lair:2        Slime (5/5) Lair:5
    Orc (2/2) D:11            Elf (3/3) Orc:2        Vaults (5/5) D:13
  Crypt (3/3) Vaults:3       Tomb (3/3) Crypt:3      Depths (4/4) D:15
   Hell (visited)             Dis (7/7) Hell            Geh (7/7) Hell
    Coc (7/7) Hell            Tar (7/7) Hell            Zot (5/5) Depths:4
 Bailey (visited)

Altars:
Ashenzari
Cheibriados
Dithmenos
Elyvilon
Fedhas
Gozag
Hepliaklqana
Kikubaaqudgha
Makhleb
Nemelex Xobeh
Okawaru
Qazlal
Ru
Sif Muna
Trog
Uskayaw
Vehumet
Wu Jian
Xom
Yredelemnul
Zin
The Shining One
Jiyva

Shops:
D:5 *   D:10 (   D:11 =   D:13 (   Orc:2 *(([   Elf:2 (:   Shoals:2 (

Portals:
Hell: Depths:1 Depths:2 Depths:3 Depths:4
Abyss: Depths:3
Pandemonium: Depths:2
Ziggurat: Depths:1
Trove: Vaults:4 (give 7 potions of haste)

Annotations:
D:1 1 runed translucent door


Innate Abilities, Weirdness & Mutations

You are a living statue of rough stone.
Your actions are slow, but your melee attacks are powerful.
You are resistant to unholy torment.
Your maximum health is greatly increased.
Your equipment is partially melded.
You are immune to poison.
((You are very nimble when in or above water. (Stealth+, EV+, Speed+++)))
Your lower body shifts to a powerful aquatic tail in water.
You sometimes lose your temper in combat.
Your mind is acute. (Int +4, Str/Dex -1)
Your flesh is heat resistant. (rF+)
Your system is resistant to poisons. (rPois)
You occasionally shout uncontrollably at your foes.
You are resistant to electric shocks. (rElec)
Your spells are easier to cast, but less powerful.
Your health recovers twice as slowly from being drained.


Message History

You block the lorocyproca's attack.
You slash the lorocyproca!
The lorocyproca convulses.
The lorocyproca is lightly wounded.
You block the lorocyproca's attack.
You miss the lorocyproca.
The lorocyproca is lightly wounded.
The lorocyproca closely misses you.
You chop the lorocyproca into pieces!!!
You kill the lorocyproca!
You can now pass through a line of other dancers.
No target in view!
What level of the Dungeon? (default 1, ? - help)
There is a stone staircase leading up here.
You climb upwards.
Level annotation: 1 runed translucent door
There is a stone staircase leading down here.
A reaper comes into view.
It is wielding a +1 scythe of protection.
The jackal barks! x3
You block the reaper's attack.
The rat squeaks loudly.
The endoplasm quivers.
There is an open door here.
The jackal barks!
You block the reaper's attack.
There is a fountain of clear blue water here.
You hit the reaper but do no damage. You block the reaper's attack.
You hit the reaper but do no damage. You block the reaper's attack.
You slice the reaper!!
The reaper convulses!!
The reaper is severely wounded.
You block the reaper's attack.
You slice the reaper!!
The reaper convulses!
You kill the reaper!
You can now pass through a line of other dancers.
You see here a +1 scythe of protection.
You can no longer pass through a line of other dancers.
There is a staircase leading out of the dungeon here.
Unknown command.
You can't go down here!
Unknown command.
You have escaped!

#....##......###.#...#.........
#.##........## .###...........
###.......##### .######........
................ ..............
#...###......... ...........)..
..#.#........... ..............
.........###+#######+###..)....).
###......#..⌠...>...⌠..#.........
#......#......8......#.........
#......'⌠)...###...)⌠+........#
#......#.............#.#.######
###...[..#######+#######.#.#
..#......#.rhJJh.......#.#.#
#.#......#..h.B...... .#...#
.........#........... #..##
.........###############.##
.##......................#


You could see a rat.

Vanquished Creatures
  Cerebov (Pan)
  Antaeus (Coc:7)
  Asmodeus (Geh:7)
  the Royal Jelly (Slime:5)
  Gloorx Vloq (Pan)
  Mnoleg (Pan)
  Ereshkigal (Tar:7)
  Lom Lobon (Pan)
  the Serpent of Hell (Tar:7)
  9 ancient liches
  4 dread liches
  4 orbs of fire (Zot:5)
  Dispater (Dis:7)
  2 juggernauts
  6 royal mummies
  Xtahua (Vaults:4)
  Vv (Crypt:3)
  2 Killer Klowns (Zot:5)
  8 pandemonium lords
  22 shard shrikes
  20 caustic shrikes
  Geryon (Hell)
  7 golden dragons
  21 bone dragons
  Nikola (Shoals:2)
  5 profane servitors
  An electric golem (Zot:5)
  14 doom hounds
  17 Tzitzimimeh
  2 spectral shard shrikes
  7 hellephants
  14 Brimstone Fiends
  Rupert (D:14)
  Jorgrun (D:14)
  28 Orb Guardians
  12 iron giants
  18 tentacled monstrosities
  10 tainted leviathans
  A walking crystal tome (Depths:1)
  A walking divine tome (Depths:3)
  17 Hell Sentinels
  2 walking frostbound tomes
  27 Ice Fiends
  3 quicksilver dragons
  2 deep elf blademasters (Elf:3)
  8 titans
  10 liches
  2 deep elf master archers (Elf:3)
  13 searing wretches
  9 sphinxes
  2 krakens
  Frances (D:13)
  17 acid blobs
  4 tentacled starspawn
  2 death cobs
  28 ancient champions
  33 Executioners
  Donald (Vaults:1)
  Aizul (Vaults:2)
  10 tengu reavers
  Ilsuiw (Shoals:4)
  10 storm dragons
  A fenstrider witch (Pan)
  Roxanne (Spider:1)
  23 fire giants
  10 shadow dragons
  A nagaraja (Pan)
  13 azure jellies
  2 revenants
  A daeva (Abyss:2)
  7 narguns
  7 rockslimes
  5 demonspawn warmongers (Pan)
  4 draconian monks
  4 deep elf sorcerers
  9 frost giants
  40 balrugs
  10 draconian shifters
  7 draconian knights
  6 protean progenitors (Pan)
  9 iron dragons
  9 vault wardens
  4 draconian scorchers
  2 emperor scorpions (Spider:3)
  2 orc warlords (Orc:2)
  6 quicksilver elementals
  4 deep elf elementalists (Elf:3)
  5 ghost moths
  3 curse skulls
  2 spriggan defenders (Depths:3)
  A spectral juggernaut (Tar:1)
  15 shard shrike simulacra
  20 cacodemons
  5 ghouls
  4 draconian annihilators
  19 reapers
  6 juggernaut skeletons (Pan)
  6 draconian stormcallers
  14 demonspawn blood saints (Pan)
  6 formless jellyfish
  32 very ugly things
  8 broodmothers
  5 vampire knights
  13 stone giants
  A caustic shrike skeleton (Pan)
  10 demonspawn corrupters (Pan)
  26 elemental wellsprings
  9 ironbound preservers
  10 green draconians
  8 black draconians
  6 quicksilver oozes
  9 lorocyprocas
  10 deep elf death magi
  3 ironbound thunderhulks
  8 deep elf demonologists
  8 putrid mouths
  2 bennus (Tomb:2)
  4 yellow draconians
  6 demonspawn black suns (Pan)
  11 deep elf annihilators
  5 red draconians
  6 purple draconians
  Azrael (Orc:2)
  3 dire elephants (Vaults:2)
  15 wendigos
  22 war gargoyles
  6 white draconians
  9 spark wasps
  20 blizzard demons
  2 bunyips (Pan)
  6 entropy weavers
  11 fire dragons
  Josephine (D:11)
  7 eidola
  7 ettins
  A quicksilver dragon zombie (Depths:3)
  12 yaktaur captains
  8 merfolk javelineers
  An elf zombie (Crypt:1)
  17 iron golems
  6 crystal guardians
  Snorg (Orc:2)
  11 mummy priests
  11 merfolk impalers
  7 great orbs of eyes
  15 green deaths
  4 deep elf high priests
  A spectral golden dragon (Tar:1)
  Fannar (Orc:1)
  13 jiangshi
  14 rakshasas
  3 ice dragons
  3 spectral spriggans (Tar:1)
  5 hydras
  6 salamander tyrants
  A spriggan zombie (Crypt:1)
  Harold (Orc:1)
  10 caustic shrike simulacra
  2 jorogumos (Spider:3)
  26 vault guards
  3 hell beasts
  2 spectral stone giants (Tar:4)
  8 juggernaut simulacra
  2 alligators (Pan)
  A spriggan air mage (Pan)
  4 ogre magi
  11 stokers
  An alligator snapping turtle (Shoals:4)
  2 ironbound frosthearts (Vaults:1)
  2 peacekeepers
  4 death knights
  11 radroaches
  6 merfolk avatars
  8 two-headed ogres
  12 boulder beetles
  9 centaur warriors
  2 catoblepae
  2 anacondas (Pan)
  3 satyrs
  7 deep troll shamans
  2 merfolk aquamancers (Shoals:4)
  40 dancing weapons
  12 deep troll earth magi
  20 death scarabs
  4 orc high priests (Orc:2)
  6 tengu warriors
  34 hell hogs
  3 vampire magi
  12 demonic crawlers
  2 naga warriors (Abyss:2)
  15 soul eaters
  Urug (D:10)
  5 spriggan berserkers
  27 hell knights
  19 deep elf knights
  2 spectral nagas
  A shock serpent (shapeshifter) (Vaults:5)
  A storm dragon zombie (Depths:3)
  8 iron trolls
  7 skysharks
  5 crystal echidnas
  3 hellephant skeletons (Pan)
  5 pharaoh ants
  3 wretched stars (Abyss:2)
  20 sixfirhies (Pan)
  2 spectral anacondas
  49 sun demons
  A storm dragon skeleton (Depths:2)
  8 shadow wraiths
  2 death drakes (Depths:1)
  8 flayed ghosts
  12 sea snakes
  2 anaconda zombies
  12 orb spiders
  5 quicksilver dragon simulacra
  A goliath frog (Lair:5)
  14 deep elf archers
  12 shadow demons
  21 skeletal warriors
  A cherub (Pan)
  5 sun moths (Pan)
  2 arcanists (Vaults:3)
  10 lindwurms
  28 deep trolls
  3 glowing orange brains
  2 mana vipers (Depths:1)
  A bunyip skeleton (Abyss:2)
  A steelbarb worm (shapeshifter) (Depths:2)
  A tengu zombie (Depths:2)
  A spriggan simulacrum (Coc:3)
  A harpy (shapeshifter) (D:9)
  An anaconda skeleton (Hell)
  6 steelbarb worms
  5 ironbound convokers
  13 phantasmal warriors
  7 necromancers
  An alligator zombie (Hell)
  7 orc knights
  35 deep elf pyromancers
  56 ugly things
  26 wolf spiders
  28 large abominations
  22 deep elf zephyrmancers
  5 harpies
  An oklob plant (Lair:5)
  14 fauns
  A fire giant zombie (Depths:3)
  6 orc sorcerers
  A shining eye (shapeshifter) (Depths:2)
  4 shining eyes
  4 worldbinders
  7 cyclopes
  A spectral ettin (Tar:1)
  A spectral centaur (Tar:1)
  16 moths of wrath
  A manticore (shapeshifter) (Vaults:5)
  A frost giant skeleton (Depths:3)
  A stone giant skeleton (Depths:2)
  A meliai (shapeshifter) (D:12)
  14 manticores
  A tengu skeleton (Depths:3)
  An apocalypse crab (Abyss:2)
  A toenail golem (Zot:2)
  A guardian serpent (shapeshifter) (Vaults:5)
  A dire elephant zombie (Tomb:2)
  8 kobold blastminers
  5 titan simulacra
  A black mamba (Lair:4)
  6 water nymphs
  2 Executioner simulacra (Pan)
  14 rust devils
  6 meliai
  5 merfolk sirens
  6 vault sentinels
  A guardian serpent (Abyss:2)
  A storm dragon simulacrum (Coc:2)
  16 smoke demons
  2 torpor snails
  3 eyes of devastation (Pan)
  An eye of devastation (shapeshifter) (Vaults:5)
  11 orange demons
  A torpor snail (shapeshifter) (Depths:4)
  A dire elephant skeleton (Tomb:1)
  17 cane toads
  A cane toad (shapeshifter) (D:13)
  An unseen horror (D:12)
  5 efreet
  30 yaktaurs
  2 rime drakes
  2 kobold demonologists
  A spectral demonspawn (Tar:1)
  18 hellions
  A yaktaur (shapeshifter) (Depths:4)
  2 tengu conjurers
  14 freezing wraiths
  10 komodo dragons
  33 tormentors
  9 anaconda simulacra
  3 iron giant simulacra (Coc:7)
  A merfolk (shapeshifter) (Vaults:5)
  4 spectral harpies
  A golden dragon simulacrum (Coc:2)
  31 guardian mummies
  A sea snake skeleton (Hell)
  2 queen bees (shapeshifter)
  2 silent spectres
  2 ancient zymes
  A harpy zombie (Crypt:1)
  8 ice devils
  A purple draconian skeleton (Crypt:1)
  27 merfolk
  8 red devils
  3 tyrant leeches (Lair:5)
  8 hornets
  17 wind drakes
  12 trolls
  14 hellwings (Pan)
  34 blink frogs
  6 dream sheep (Shoals:4)
  36 tarantellas
  2 harpy skeletons (Abyss:2)
  9 glass eyes
  2 snapping turtles
  A human simulacrum (Coc:1)
  61 slime creatures
  2 stone giant simulacra
  5 spriggans
  Sigmund (D:5)
  25 culicivoras
  3 ettin skeletons
  7 air elementals
  31 jumping spiders
  4 centaur simulacra
  6 shadows
  A wyvern (Lair:1)
  3 naga simulacra
  22 ynoxinuls
  7 basilisks
  6 dire elephant simulacra
  19 water elementals
  A wyvern (shapeshifter) (D:13)
  A warg (shapeshifter) (Elf:3)
  62 yaks
  12 ushabtiu
  7 fire elementals
  Eustachio (D:5)
  4 fire bats
  6 wargs
  Grum (D:11)
  7 starcursed masses (Abyss:2)
  2 steam dragons
  13 wraiths
  2 golden eyes
  18 neqoxecs
  A redback (shapeshifter) (Vaults:5)
  53 redbacks
  19 vampire mosquitoes
  19 chaos spawn
  7 small abominations
  An acid dragon (D:13)
  Edmund (D:5)
  12 harpy simulacra
  A naga zombie (Abyss:3)
  3 hydra simulacra
  9 water moccasins
  A demonspawn zombie (Crypt:2)
  A glowing shapeshifter zombie (Depths:2)
  9 hell hounds
  A naga skeleton (Crypt:3)
  49 orc warriors
  5 black bears
  An ice beast (D:8)
  30 laughing skulls
  4 ettin simulacra
  29 wolves
  16 ogres
  4 boggarts (D:14)
  A tengu (Bailey)
  8 centaurs
  A crocodile (D:8)
  2 phantoms
  21 bullfrogs
  12 kobold brigands
  3 gnoll sergeants
  2 earth elementals
  3 scorpions
  6 necrophages
  A yaktaur skeleton (Crypt:2)
  31 wights
  A wyvern skeleton (Crypt:2)
  4 burial acolytes (Crypt:3)
  A polar bear zombie (Crypt:1)
  4 killer bees (D:11)
  A bombardier beetle (D:6)
  6 howler monkeys
  6 electric eels
  A black bear zombie (Crypt:1)
  6 jellies
  A cerulean imp (Pan)
  42 orc priests
  2 gnoll boudas
  4 hounds
  3 sleepcaps
  Natasha (thrice) (D:3)
  4 iguanas
  26 orc wizards
  5 hell rats (Lair:1)
  24 mummies
  Robin (D:3)
  18 gnolls
  7 adders
  A shadow imp (D:7)
  2 ufetubi (D:5)
  3 dart slugs
  140 orcs
  6 ball pythons
  6 endoplasms
  A giant cockroach (D:4)
  19 goblins
  13 hobgoblins
  3 jackals (D:1)
  26 kobolds
  2 quokkas
  3 bats
  4 frilled lizards
  4 rats
  3 fire vortices
  3 starspawn tentacles
3678 creatures vanquished.

Vanquished Creatures (collateral kills)
  A sphinx (Tomb:1)
  An ironbound preserver (Vaults:5)
  A demonspawn blood saint (Pan)
  A sun demon (Pan)
  An orc knight (D:15)
  A shining eye (Slime:2)
  A meliai (Spider:4)
  An eye of devastation (Slime:2)
  An orange demon (Pan)
  A tormentor (Dis:3)
  A neqoxec (Pan)
  A mummy (Tomb:2)
12 creatures vanquished.

Vanquished Creatures (others)
  4 shard shrikes (Coc:6)
  A tentacled monstrosity (Vaults:5)
  3 titans
  An eldritch tentacle (Pan)
  A nagaraja (Pan)
  A nargun (Coc:6)
  A demonspawn corrupter (Pan)
  A vampire knight (Depths:3)
  6 elemental wellsprings
  2 green deaths (Pan)
  3 juggernaut simulacra
  4 caustic shrike simulacra
  2 quicksilver dragon simulacra
  2 glowing orange brains (Pan)
  2 deep elf zephyrmancers (Elf:3)
  A deep elf pyromancer (Elf:1)
  A faun (Shoals:4)
  An anaconda simulacrum (Coc:7)
  A guardian mummy (Tomb:2)
  A hydra zombie (Hell)
  A golden dragon simulacrum (Coc:4)
  2 wind drakes (Pan)
  A hellwing (Pan)
  An iron dragon simulacrum (Coc:7)
  A small abomination (Abyss:2)
  An ushabti (Tomb:2)
  A wyvern (Lair:3)
  2 dire elephant simulacra
  3 fire bats (Abyss:3)
  A neqoxec (Pan)
  3 chaos spawn (Abyss:3)
  7 harpy simulacra
  2 ettin simulacra (Coc:7)
  3 orc wizards
  A mummy (Tomb:2)
  3 ball lightnings (Pan)
  2 creeping infernos
  A fire vortex (Geh:7)
  12 starspawn tentacles
  8 tentacles
95 creatures vanquished.

Grand Total: 3785 creatures vanquished

Notes
Turn   | Place    | Note
-------+----------+-------------------------------------------
     0 | D:1      | bananaglory the Merfolk Brigand began the quest for the
                  | Orb.
     0 | D:1      | Reached XP level 1. HP: 16/16 MP: 1/1
     1 | D:1      | Found a runed translucent door.
    73 | D:1      | Reached XP level 2. HP: 21/23 MP: 2/2
   174 | D:1      | Found a faded altar of an unknown god.
   376 | D:2      | Reached XP level 3. HP: 29/29 MP: 3/3
   777 | D:2      | Reached XP level 4. HP: 37/37 MP: 4/4
  1042 | D:3      | Noticed Natasha
  1067 | D:3      | Killed Natasha
  1223 | D:3      | Noticed Natasha
  1247 | D:3      | Killed Natasha
  1248 | D:3      | Reached XP level 5. HP: 30/43 MP: 5/5
  1289 | D:3      | Noticed Robin
  1332 | D:3      | Noticed Natasha
  1336 | D:3      | Killed Robin
  1366 | D:3      | Killed Natasha
  1491 | D:3      | Reached skill level 5 in Dodging
  1625 | D:3      | Reached skill level 5 in Fighting
  1625 | D:3      | Reached XP level 6. HP: 51/51 MP: 6/6
  1829 | D:4      | Found a staircase to the Ecumenical Temple.
  1878 | Temple   | Entered the Ecumenical Temple
  1885 | Temple   | Became a worshipper of Uskayaw the Reveller
  1970 | D:4      | Reached * piety under Uskayaw
  2012 | D:4      | Reached XP level 7. HP: 37/57 MP: 7/7
  2018 | D:4      | Found a shimmering blue altar of Sif Muna.
  2079 | D:5      | Entered Level 5 of the Dungeon
  2123 | D:5      | Noticed Sigmund
  2124 | D:5      | Noticed Edmund
  2126 | D:5      | Killed Sigmund
  2126 | D:5      | Reached ** piety under Uskayaw
  2134 | D:5      | Reached *** piety under Uskayaw
  2135 | D:5      | Killed Edmund
  2150 | D:5      | Found a glowing silver altar of Zin.
  2324 | D:5      | Reached XP level 8. HP: 65/65 MP: 8/8
  2395 | D:5      | Noticed Eustachio
  2424 | D:5      | Killed Eustachio
  2547 | D:5      | Reached skill level 10 in Dodging
  2604 | D:5      | Found Parein's Fire Supplies.
  3042 | D:6      | Reached **** piety under Uskayaw
  3051 | D:6      | Reached XP level 9. HP: 37/76 MP: 2/9
  3409 | D:6      | Reached skill level 10 in Fighting
  3820 | D:7      | Reached skill level 5 in Long Blades
  4041 | D:7      | Reached XP level 10. HP: 69/85 MP: 10/10
  4058 | D:7      | Noticed a kobold demonologist
  4100 | D:7      | Killed a kobold demonologist
  4101 | D:7      | Reached skill level 1 in Evocations
  4355 | D:8      | Reached skill level 1 in Invocations
  4913 | D:8      | Reached skill level 5 in Invocations
  4945 | D:8      | Found a staircase to the Lair.
  5213 | D:8      | Reached ***** piety under Uskayaw
  5378 | D:9      | Reached XP level 11. HP: 60/92 MP: 14/14
  5827 | D:9      | Noticed a harpy
  5838 | D:9      | a harpy changed into a wolf
  5839 | D:9      | a wolf changed into a harpy
  5839 | D:9      | Noticed a harpy (shapeshifter)
  5846 | D:9      | Killed a harpy
  5847 | D:9      | Reached skill level 10 in Long Blades
  6016 | D:10     | Entered Level 10 of the Dungeon
  6068 | D:10     | Noticed Urug
  6097 | D:10     | Killed Urug
  6145 | D:10     | Found a flagged portal.
  6159 | Bailey   | Entered a bailey
  6227 | Bailey   | Noticed an orc knight
  6271 | Bailey   | Killed an orc knight
  6522 | Bailey   | Acquired 824 gold pieces
  6556 | Bailey   | Found an iron altar of Okawaru.
  6556 | Bailey   | Noticed an orc sorcerer
  6579 | Bailey   | Noticed a sixfirhy
  6598 | Bailey   | Noticed a sun demon
  6626 | Bailey   | an orc sorcerer changed into a death drake
  6626 | Bailey   | Noticed a death drake
  6631 | Bailey   | a death drake changed into a tengu
  6656 | Bailey   | Noticed a sun demon
  6728 | Bailey   | Acquired a manual of Fighting
  6825 | D:10     | Identified the +3 ring mail of Integrity {Rampage rPois
                  | Dex+3 Slay+4}
  7032 | D:5      | Bought the ring "Onihohi" {^Drain rF+ Dex+8 Stlth+} for 506
                  | gold pieces
  7409 | D:10     | Found a hazy altar of Hepliaklqana.
  7480 | D:10     | Found Ozyopn's Weapon Shop.
  7606 | Lair:1   | Entered Level 1 of the Lair of Beasts
  7622 | Lair:1   | Reached XP level 12. HP: 103/103 MP: 15/15
  7647 | Lair:1   | Reached ****** piety under Uskayaw
  7961 | Lair:1   | Noticed a catoblepas
  7976 | Lair:1   | Killed a catoblepas
  8080 | Lair:1   | Reached skill level 1 in Shields
  8082 | Lair:1   | Identified the amulet of Propriety {Reflect ^Drain rElec
                  | Regen+ rCorr Int-2 SH+5}
  8255 | Lair:2   | Noticed a skyshark
  8267 | Lair:2   | Killed a skyshark
  8284 | Lair:3   | Reached skill level 5 in Shields
  8295 | Lair:3   | Reached XP level 13. HP: 92/114 MP: 16/16
  8545 | Lair:5   | Entered Level 5 of the Lair of Beasts
  8645 | Lair:5   | Found a viscous altar of Jiyva.
  8645 | Lair:5   | Found a staircase to the Slime Pits.
  8659 | Lair:5   | Reached skill level 15 in Long Blades
  8670 | Lair:5   | Reached skill level 15 in Fighting
  8800 | Lair:5   | Got an earthy gem with 2622 turns to spare
  8805 | Lair:5   | Identified the staff "Ubakump" {rElec rPois rF+ Dex-2 Fire}
  8809 | Lair:5   | Identified the +7 rapier "Deibap" {protect, rN+ Str-2 Int+6
                  | Dex-3}
  8894 | Lair:5   | Identified the +5 chain mail of Beauty {rPois}
  9273 | Lair:5   | Reached XP level 14. HP: 123/123 MP: 17/17
 10197 | Lair:2   | Found a staircase to the Shoals.
 10317 | Lair:2   | Found a hole to the Spider Nest.
 10433 | D:11     | Noticed Josephine
 10441 | D:11     | Killed Josephine
 10559 | D:11     | Found a staircase to the Orcish Mines.
 10675 | D:11     | Noticed Grum
 10688 | D:11     | Killed Grum
 10783 | D:11     | Found the +2 ratskin cloak {*Rats rPois rN+ Str-1 Int-1
                  | Dex+1}
 10962 | D:11     | Found Misosh's Jewellery Shoppe.
 11393 | D:12     | Reached skill level 15 in Dodging
 11881 | D:13     | Found Sacsonga's Antique Weapon Boutique.
 11884 | D:13     | Bought a transparent falchion for 240 gold pieces
 11884 | D:13     | Identified the +5 falchion of Cocytus {protect, ^Drain
                  | rElec rN+} (You bought it in a shop on level 13 of the
                  | Dungeon)
 12011 | D:13     | Noticed Frances
 12021 | D:13     | Killed Frances
 12022 | D:13     | Reached XP level 15. HP: 30/129 MP: 18/18
 12319 | D:13     | Found a gate to the Vaults.
 12854 | D:14     | Noticed Jorgrun
 12858 | D:14     | Killed Jorgrun
 12884 | D:14     | Noticed Rupert
 12897 | D:14     | Killed Rupert
 12929 | D:14     | Reached skill level 1 in Shapeshifting
 13162 | D:14     | Reached skill level 5 in Shapeshifting
 13450 | D:15     | Entered Level 15 of the Dungeon
 13619 | D:15     | Reached XP level 16. HP: 123/136 MP: 19/19
 13628 | D:15     | Reached skill level 10 in Shapeshifting
 13854 | D:15     | Found a staircase to the Depths.
 14442 | Orc:1    | Entered Level 1 of the Orcish Mines
 14446 | Orc:1    | Noticed Fannar
 14459 | Orc:1    | Noticed Harold
 14460 | Orc:1    | Killed Fannar
 14475 | Orc:1    | Killed Harold
 14843 | Orc:2    | Entered Level 2 of the Orcish Mines
 14927 | Orc:2    | Found Daz Zexeuc's General Store.
 14937 | Orc:2    | Bought a scroll of revelation for 112 gold pieces
 14937 | Orc:2    | Bought a potion of curing for 45 gold pieces
 14937 | Orc:2    | Bought a +0 helmet of see invisible for 172 gold pieces
 14983 | Orc:2    | Found Vaurghir's Antique Weapon Shoppe.
 15319 | Orc:2    | Noticed Snorg
 15329 | Orc:2    | Killed Snorg
 15373 | Orc:2    | Noticed Azrael
 15385 | Orc:2    | Killed Azrael
 15521 | Orc:2    | Reached skill level 15 in Shapeshifting
 15597 | Orc:2    | Found a staircase to the Elven Halls.
 15852 | Orc:2    | Found Buhaiq's Antique Weapon Shoppe.
 15885 | Orc:2    | Found Riaheb's Armour Boutique.
 16148 | Spider:1 | Entered Level 1 of the Spider Nest
 16212 | Spider:1 | Reached XP level 17. HP: 142/142 MP: 20/20
 16573 | Spider:4 | Entered Level 4 of the Spider Nest
 17038 | Spider:4 | Got a milky-white gem with 1586 turns to spare
 17066 | Spider:4 | Got a gossamer rune of Zot
 17569 | Spider:3 | Reached XP level 18. HP: 151/151 MP: 21/21
 18181 | Spider:1 | Noticed Roxanne
 18191 | Spider:1 | Killed Roxanne
 18319 | Spider:1 | Gained mutation: Your spells are a little harder to cast,
                  | but a little more powerful. [mutagenic glow]
 18675 | Shoals:1 | Entered Level 1 of the Shoals
 18756 | Shoals:2 | Noticed Nikola
 18770 | Shoals:2 | Killed Nikola
 18948 | Shoals:4 | Entered Level 4 of the Shoals
 19061 | Shoals:4 | Noticed Ilsuiw
 19081 | Shoals:4 | Killed Ilsuiw
 19167 | Shoals:4 | Reached XP level 19. HP: 159/166 MP: 22/22
 19168 | Shoals:4 | Got a barnacled rune of Zot
 19170 | Shoals:4 | Got an azure gem with 1193 turns to spare
 19463 | Shoals:4 | Got Sif Muna's Elucidation of Destruction and Tinctures
 19782 | Shoals:2 | Found Ogramud's Antique Weapon Emporium.
 20388 | Elf:1    | Entered Level 1 of the Elven Halls
 20485 | Elf:2    | Found Jeusyuq's Antique Weapon Boutique.
 20496 | Elf:2    | Found Caig's Book Shop.
 20535 | Elf:2    | Found a flickering gateway to a bazaar.
 20545 | Bazaar   | Entered a bazaar
 20566 | Bazaar   | Found Velarphap's Weapon Boutique.
 20580 | Bazaar   | Found Voih's Jewellery Shop.
 20594 | Bazaar   | Found Atoeghoo's Jewellery Boutique.
 20602 | Bazaar   | Bought the ring "Husalou" {rN+ AC+4 Str+2 Dex+3 Stlth+} for
                  | 786 gold pieces
 20608 | Bazaar   | Found Xibburpha's Assorted Antiques.
 20619 | Bazaar   | Bought an emerald potion for 34 gold pieces
 20619 | Bazaar   | Bought a scroll of identify for 76 gold pieces
 20627 | Bazaar   | Found Wynluo Qeff's Armour Boutique.
 20635 | Bazaar   | Bought a +1 pair of gloves of dexterity for 247 gold pieces
 20658 | Bazaar   | Found Jusmearph's Antique Armour Shop.
 20711 | Elf:2    | Identified the +5 ring mail of Daisies {SInv}
 20764 | Elf:3    | Entered Level 3 of the Elven Halls
 21114 | Elf:3    | Reached XP level 20. HP: 176/176 MP: 23/23
 21114 | Elf:3    | Identified the ring "Nusm" {rElec rPois rC+ Str+4}
 21130 | Abyss:2  | Cast into level 2 of the Abyss (a deep elf demonologist)
 21175 | Abyss:2  | Gained mutation: You occasionally lose the ability to read
                  | scrolls when taking damage. [a neqoxec]
 21185 | Abyss:2  | Gained mutation: Your health recovers twice as slowly from
                  | being drained. [a neqoxec]
 21189 | Abyss:2  | Lost mutation: You occasionally lose the ability to read
                  | scrolls when taking damage. [potion of mutation]
 21189 | Abyss:2  | Lost mutation: Your health recovers twice as slowly from
                  | being drained. [potion of mutation]
 21189 | Abyss:2  | Lost mutation: Your spells are a little harder to cast, but
                  | a little more powerful. [potion of mutation]
 21189 | Abyss:2  | Gained mutation: Your mind is acute. (Int +4, Str/Dex -1)
                  | [potion of mutation]
 21189 | Abyss:2  | Gained mutation: Your mind is very acute. (Int +8, Str/Dex
                  | -2) [potion of mutation]
 21189 | Abyss:2  | Gained mutation: Your movements are slightly less
                  | encumbered by armour. (ER -2) [potion of mutation]
 21447 | Elf:3    | Escaped the Abyss
 21456 | Elf:3    | Identified the +7 war axe "Pink" {spect, rN++ Dex+3 SInv}
 21464 | Abyss:2  | Cast into level 2 of the Abyss (a deep elf demonologist)
 21579 | Abyss:2  | Found a corrupted altar of Lugonu.
 21589 | Abyss:2  | Found a corrupted altar of Lugonu.
 21589 | Abyss:2  | Found a corrupted altar of Lugonu.
 21640 | Elf:3    | Escaped the Abyss
 21644 | Elf:3    | Noticed a Tzitzimitl
 21652 | Elf:3    | Reached skill level 27 in Dodging
 21689 | Elf:3    | Got the Thoughts on Cold
 21693 | Elf:3    | Got the Compendium of the Impure Singularity
 21782 | Elf:3    | Got a shimmering gem with 722 turns to spare
 21912 | Elf:3    | Paralysed by an air elemental for 1 turns
 22071 | Elf:2    | Found a runed translucent gate.
 22071 | Elf:2    | Found a runed translucent gate.
 22071 | Elf:2    | Found a runed translucent gate.
 22170 | Elf:2    | Reached skill level 10 in Shields
 22681 | Elf:1    | Paralysed by an air elemental for 1 turns
 22975 | Elf:1    | Reached XP level 21. HP: 183/183 MP: 24/24
 23179 | Vaults:1 | Entered Level 1 of the Vaults
 23191 | Vaults:1 | Noticed Donald
 23196 | Vaults:1 | Killed Donald
 23591 | Vaults:2 | Identified the serpent talisman "Ruqauck" {rN+ Will+ Int+4}
 23591 | Vaults:2 | Noticed Aizul
 23599 | Vaults:2 | Killed Aizul
 23610 | Vaults:2 | Found a flickering gateway to a bazaar.
 23620 | Bazaar   | Entered a bazaar
 23633 | Bazaar   | Found Wemi's Weapon Emporium.
 23652 | Bazaar   | Found Cujyeq's Antique Weapon Shoppe.
 23667 | Bazaar   | Found Cucziash's Armour Emporium.
 23667 | Bazaar   | Found Ycasin's Book Shoppe.
 23688 | Bazaar   | Found Ponaptue's General Store.
 23692 | Bazaar   | Bought a scroll of teleportation for 24 gold pieces
 23692 | Bazaar   | Bought a potion of heal wounds for 40 gold pieces
 23726 | Bazaar   | Bought the scarf "Ynorit" {repulsion, Dex+3} for 233 gold
                  | pieces
 23743 | Bazaar   | Bought the +8 Vampire's Tooth {megavamp} for 1020 gold
                  | pieces
 23743 | Bazaar   | Found the +8 Vampire's Tooth {megavamp}
 23954 | Vaults:5 | Entered Level 5 of the Vaults
 23963 | Vaults:5 | Noticed Xtahua
 24023 | Vaults:4 | Killed Xtahua
 24058 | Vaults:5 | Reached skill level 15 in Shields
 24076 | Vaults:5 | Noticed an ancient lich
 24085 | Vaults:5 | Killed an ancient lich
 24085 | Vaults:5 | Noticed an ancient lich
 24094 | Vaults:5 | Noticed an ancient lich
 24145 | Vaults:5 | Killed an ancient lich
 24154 | Vaults:5 | Killed an ancient lich
 24181 | Vaults:5 | Reached XP level 22. HP: 152/190 MP: 25/25
 24316 | Vaults:5 | Identified the +1 troll leather armour of Hide-and-Seek
                  | {rC+++ rN++ Will- Regen+ Stlth+}
 24321 | Vaults:5 | Identified the +1 hand axe "Raakes" {heavy, rN++ Will+ MP-9
                  | Int+3}
 24356 | Vaults:5 | Identified the ring of Gefoyjei {^Drain Fly Int+4 Dex+2}
 24358 | Vaults:5 | Identified the +1 robe of Ylint {MP+9}
 24384 | Vaults:5 | Identified the +0 chain mail of the Sacrificial Victim
                  | {Will+ Str+2 SInv}
 24401 | Vaults:5 | Identified the ring of the Distant Future {rPois Will+
                  | Dex+6 Stlth+}
 24404 | Vaults:5 | Identified the +2 great sword of Generosity {freeze, Int+4
                  | Dex+3}
 24637 | Vaults:5 | Got a shining gem with 1966 turns to spare
 24641 | Vaults:5 | Got a silver rune of Zot
 24811 | Vaults:5 | Identified the +1 pair of gloves of Eternity {Fly rN+
                  | Will-}
 24813 | Vaults:5 | Acquired 1068 gold pieces
 25152 | Vaults:4 | Found a portal to a secret trove of treasure.
 25676 | Vaults:3 | Reached skill level 10 in Invocations
 25760 | Vaults:3 | Paralysed by a sphinx for 4 turns
 25858 | Vaults:3 | Found a staircase to the Crypt.
 26563 | Slime:1  | Entered Level 1 of the Pits of Slime
 26828 | Slime:4  | Reached XP level 23. HP: 196/196 MP: 32/32
 26859 | Slime:5  | Entered Level 5 of the Pits of Slime
 26949 | Slime:5  | Noticed the Royal Jelly
 26968 | Slime:5  | Killed the Royal Jelly
 27146 | Slime:5  | Identified the amulet of Ipsaxo {Faith rF+ rC+ Str+5}
 27165 | Slime:5  | Got a slimy rune of Zot
 27245 | Slime:5  | Reached skill level 15 in Invocations
 27309 | Slime:5  | Got the Volume of Trauma
 27310 | Slime:5  | Identified the +3 dagger "Qileqot" {spect, rElec Int+2}
 27735 | Depths:1 | Entered Level 1 of the Depths
 28018 | Depths:1 | Found a one-way gateway to a ziggurat.
 28198 | Depths:3 | Found a one-way gate to the infinite horrors of the Abyss.
 28207 | Depths:3 | Found a flickering gateway to a bazaar.
 28232 | Depths:3 | Reached XP level 24. HP: 204/204 MP: 34/34
 28247 | Bazaar   | Entered a bazaar
 28252 | Bazaar   | Found Uvoithra's Book Shop.
 28253 | Bazaar   | Found Lesyse's Jewellery Boutique.
 28272 | Bazaar   | Found Gabboburch's Assorted Antiques.
 28272 | Bazaar   | Found Jeapid's Antique Armour Emporium.
 28285 | Bazaar   | Found Xoclyog's Antique Armour Shop.
 28310 | Bazaar   | Found Qimap's Weapon Boutique.
 28345 | Bazaar   | Bought smoking fire dragon scales for 1625 gold pieces
 28345 | Bazaar   | Identified the +0 fire dragon scales of Petetao {rF++ rC-
                  | rCorr} (You bought it in a shop in a bazaar)
 28500 | Depths:3 | Found a gateway to Hell.
 28637 | Depths:3 | Noticed a juggernaut
 28651 | Depths:3 | Killed a juggernaut
 28869 | Depths:4 | Entered Level 4 of the Depths
 28937 | Depths:4 | Found a gate to the Realm of Zot.
 29017 | Depths:4 | Got a midnight gem with 1547 turns to spare
 29103 | Depths:4 | Noticed a caustic shrike
 29113 | Depths:4 | Noticed a caustic shrike
 29117 | Depths:4 | Noticed a caustic shrike
 29121 | Depths:4 | Killed a caustic shrike
 29122 | Depths:4 | Killed a caustic shrike
 29132 | Depths:4 | Killed a caustic shrike
 29461 | Depths:2 | Found a white marble altar of Elyvilon.
 29496 | Depths:2 | Noticed a caustic shrike
 29503 | Depths:2 | Killed a caustic shrike
 29522 | Depths:2 | Gained mutation: Armour fits poorly on your strangely
                  | shaped body. [a shining eye]
 29756 | Depths:2 | Reached XP level 25. HP: 210/210 MP: 34/34
 30496 | Depths:2 | Found a one-way gate leading to the halls of Pandemonium.
 30503 | Pan      | Entered Pandemonium
 30591 | Pan      | Noticed Jiyr Rei the pandemonium lord
 30597 | Pan      | Killed Jiyr Rei the pandemonium lord
 30606 | Pan      | Reached skill level 27 in Shapeshifting
 30695 | Pan      | Got a demonic rune of Zot
 30831 | Pan      | Noticed Fesoir the pandemonium lord
 30962 | Pan      | Killed Fesoir the pandemonium lord
 31052 | Pan      | Identified the +8 trident "Liang" {freeze, rElec rF+ rN++
                  | Str-5}
 31301 | Pan      | Entered the realm of Cerebov.
 31620 | Pan      | Identified the ring of Ephemeral Luck {+Blink AC+4 Str-2
                  | Int+5}
 31625 | Pan      | Identified the ring "Roxaba" {Int+6 Dex+3}
 31711 | Pan      | Found the +6 sword of Cerebov {flame}
 31711 | Pan      | Noticed Cerebov
 31736 | Pan      | Killed Cerebov
 31777 | Pan      | Identified the storm talisman of the Grinning Gods {rC++
                  | Str-4 SInv Stlth+}
 31811 | Pan      | Got a fiery rune of Zot
 31866 | Pan      | Got Sif Muna's Compilation of Pyromania and the Sphinx
 31896 | Pan      | Reached XP level 26. HP: 224/224 MP: 34/34
 32192 | Pan      | Entered the realm of Gloorx Vloq.
 32748 | Pan      | Noticed Gloorx Vloq
 32750 | Pan      | Killed Gloorx Vloq
 32934 | Pan      | Got a dark rune of Zot
 33044 | Pan      | Found an exit through the horrors of the Abyss.
 33130 | Pan      | Noticed Cumapan the pandemonium lord
 33197 | Pan      | Found an exit through the horrors of the Abyss.
 33302 | Pan      | Entered the realm of Mnoleg.
 33363 | Pan      | Gained mutation: You occasionally lose the ability to read
                  | scrolls when taking damage. [a neqoxec]
 33466 | Pan      | Lost mutation: Your mind is very acute. (Int +8, Str/Dex
                  | -2) [a neqoxec]
 33476 | Pan      | Gained mutation: Your magical capacity is low. (-10% MP) [a
                  | cacodemon]
 33483 | Pan      | Noticed Mnoleg
 33513 | Pan      | Gained mutation: You do not regenerate when monsters are
                  | visible. [a cacodemon]
 33515 | Pan      | Killed Mnoleg
 33516 | Pan      | Reached XP level 27. HP: 79/237 MP: 13/30
 33578 | Pan      | Gained mutation: Your body sometimes deteriorates upon
                  | taking damage. [a cacodemon]
 33586 | Pan      | Lost mutation: Your mind is acute. (Int +4, Str/Dex -1)
                  | [potion of mutation]
 33586 | Pan      | Lost mutation: Your body sometimes deteriorates upon taking
                  | damage. [potion of mutation]
 33586 | Pan      | Lost mutation: You occasionally lose the ability to read
                  | scrolls when taking damage. [potion of mutation]
 33586 | Pan      | Gained mutation: You are partially covered in iridescent
                  | scales. (AC +2) [potion of mutation]
 33586 | Pan      | Gained mutation: You have a pair of small horns on your
                  | head. [potion of mutation]
 33587 | Pan      | Lost mutation: Your movements are slightly less encumbered
                  | by armour. (ER -2) [potion of mutation]
 33587 | Pan      | Lost mutation: Armour fits poorly on your strangely shaped
                  | body. [potion of mutation]
 33587 | Pan      | Gained mutation: You expend magic power (3 MP) to
                  | strengthen your wands. [potion of mutation]
 33587 | Pan      | Gained mutation: You are mostly covered in iridescent
                  | scales. (AC +4) [potion of mutation]
 33587 | Pan      | Lost mutation: Your magical capacity is low. (-10% MP)
                  | [potion of mutation]
 33588 | Pan      | Lost mutation: You do not regenerate when monsters are
                  | visible. [potion of mutation]
 33588 | Pan      | Lost mutation: You have a pair of small horns on your head.
                  | [potion of mutation]
 33588 | Pan      | Lost mutation: You expend magic power (3 MP) to strengthen
                  | your wands. [potion of mutation]
 33588 | Pan      | Gained mutation: You are partially covered in large bone
                  | plates. (SH +4) [potion of mutation]
 33588 | Pan      | Gained mutation: Your spells are a little harder to cast,
                  | but a little more powerful. [potion of mutation]
 33812 | Pan      | Got a glowing rune of Zot
 33905 | Pan      | Gained mutation: You are weak. (Str -2) [a shining eye]
 33909 | Pan      | Gained mutation: You are clumsy. (Dex -2) [a shining eye]
 33918 | Pan      | Gained mutation: Your body sometimes deteriorates upon
                  | taking damage. [a cacodemon]
 33996 | Abyss:2  | Cast into level 2 of the Abyss (a deep elf sorcerer)
 34130 | Abyss:3  | Noticed a dread lich
 34130 | Abyss:3  | Noticed a dread lich
 34134 | Abyss:3  | Killed a dread lich
 34136 | Abyss:3  | Killed a dread lich
 34166 | Abyss:3  | Got an abyssal rune of Zot
 34189 | Pan      | Escaped the Abyss
 34252 | Pan      | Found an exit through the horrors of the Abyss.
 34282 | Pan      | Found an exit through the horrors of the Abyss.
 34292 | Pan      | Noticed Imis the pandemonium lord
 34303 | Pan      | Killed Imis the pandemonium lord
 34365 | Pan      | Entered the realm of Lom Lobon.
 34574 | Pan      | Noticed Lom Lobon
 34593 | Pan      | Killed Lom Lobon
 34836 | Pan      | Got a magical rune of Zot
 35362 | Pan      | Lost mutation: Your spells are a little harder to cast, but
                  | a little more powerful. [a cacodemon]
 35390 | Pan      | Gained mutation: Your body often deteriorates upon taking
                  | damage. [a neqoxec]
 35393 | Pan      | Noticed Ricuh the pandemonium lord
 35396 | Pan      | Killed Ricuh the pandemonium lord
 35443 | Pan      | Lost mutation: You are clumsy. (Dex -2) [potion of
                  | mutation]
 35443 | Pan      | Lost mutation: You are partially covered in large bone
                  | plates. (SH +4) [potion of mutation]
 35443 | Pan      | Gained mutation: Your health recovers twice as slowly from
                  | being drained. [potion of mutation]
 35444 | Pan      | Lost mutation: Your health recovers twice as slowly from
                  | being drained. [potion of mutation]
 35444 | Pan      | Lost mutation: Your body often deteriorates upon taking
                  | damage. [potion of mutation]
 35444 | Pan      | Gained mutation: You are resistant to electric shocks.
                  | (rElec) [potion of mutation]
 35444 | Pan      | Gained mutation: You have a pair of small horns on your
                  | head. [potion of mutation]
 35445 | Pan      | Lost mutation: You are resistant to electric shocks.
                  | (rElec) [potion of mutation]
 35445 | Pan      | Lost mutation: You have a pair of small horns on your head.
                  | [potion of mutation]
 35445 | Pan      | Lost mutation: You are mostly covered in iridescent scales.
                  | (AC +4) [potion of mutation]
 35445 | Pan      | Gained mutation: Your system is resistant to poisons.
                  | (rPois) [potion of mutation]
 35445 | Pan      | Gained mutation: Your health recovers twice as slowly from
                  | being drained. [potion of mutation]
 35446 | Pan      | Lost mutation: Your body sometimes deteriorates upon taking
                  | damage. [potion of mutation]
 35446 | Pan      | Lost mutation: You are weak. (Str -2) [potion of mutation]
 35446 | Pan      | Lost mutation: Your health recovers twice as slowly from
                  | being drained. [potion of mutation]
 35601 | Pan      | Noticed Ycicwoky the pandemonium lord
 35608 | Pan      | Killed Ycicwoky the pandemonium lord
 35790 | Pan      | Gained mutation: You sometimes lose your temper in combat.
                  | [a cacodemon]
 35796 | Pan      | Reached skill level 27 in Long Blades
 35843 | Pan      | Gained mutation: Your health recovers twice as slowly from
                  | being drained. [a cacodemon]
 35843 | Pan      | Gained mutation: You are occasionally teleported next to
                  | monsters. [a cacodemon]
 35861 | Pan      | Lost mutation: You are partially covered in iridescent
                  | scales. (AC +2) [potion of mutation]
 35861 | Pan      | Lost mutation: You are occasionally teleported next to
                  | monsters. [potion of mutation]
 35861 | Pan      | Gained mutation: You are agile. (Dex +4, Str/Int -1)
                  | [potion of mutation]
 35862 | Pan      | Lost mutation: Your health recovers twice as slowly from
                  | being drained. [potion of mutation]
 35862 | Pan      | Lost mutation: You are agile. (Dex +4, Str/Int -1) [potion
                  | of mutation]
 35862 | Pan      | Gained mutation: You are resistant to electric shocks.
                  | (rElec) [potion of mutation]
 35862 | Pan      | Gained mutation: You have hidden genetic defects. [potion
                  | of mutation]
 35862 | Pan      | Gained mutation: Your mind is acute. (Int +4, Str/Dex -1)
                  | [potion of mutation]
 35862 | Pan      | Gained mutation: Your mind is very acute. (Int +8, Str/Dex
                  | -2) [potion of mutation]
 35961 | Pan      | Found an exit through the horrors of the Abyss.
 35970 | Pan      | Took an exit into the Abyss.
 35970 | Abyss:3  | Escaped into the Abyss
 36006 | Abyss:3  | Found a corrupted altar of Lugonu.
 36030 | Depths:2 | Escaped the Abyss
 36094 | Hell     | Entered the Vestibule of Hell
 36094 | Hell     | Noticed Geryon
 36104 | Hell     | Killed Geryon
 36145 | Hell     | Reached skill level 27 in Fighting
 36153 | Hell     | Found a gateway to the freezing wastes of Cocytus.
 36162 | Coc:1    | Entered Level 1 of Cocytus
 36172 | Coc:1    | Reached skill level 5 in Stealth
 36239 | Coc:1    | Paralysed by a wendigo for 1 turns
 36242 | Coc:1    | Paralysed by a wendigo for 1 turns
 36391 | Coc:2    | Gained mutation: You are vulnerable to cold. (rC-) [hidden
                  | defects]
 36528 | Coc:4    | Reached skill level 10 in Stealth
 36791 | Coc:5    | Gained mutation: You have an uncontrollable temper. [hidden
                  | defects]
 36791 | Coc:5    | Lost mutation: You have hidden genetic defects. [hidden
                  | defects expressed]
 37342 | Hell     | Reached skill level 15 in Stealth
 37360 | Hell     | Lost mutation: You are vulnerable to cold. (rC-) [potion of
                  | mutation]
 37360 | Hell     | Lost mutation: Your mind is very acute. (Int +8, Str/Dex
                  | -2) [potion of mutation]
 37360 | Hell     | Gained mutation: You are agile. (Dex +4, Str/Int -1)
                  | [potion of mutation]
 37360 | Hell     | Gained mutation: Your flesh is heat resistant. (rF+)
                  | [potion of mutation]
 37456 | Zot:1    | Entered Level 1 of the Realm of Zot
 37770 | Zot:2    | Found a shimmering altar of Xom.
 38437 | Coc:7    | Entered Level 7 of Cocytus
 38543 | Coc:7    | Paralysed by a wendigo for 1 turns
 38772 | Coc:7    | Paralysed by a wendigo for 1 turns
 38846 | Coc:7    | Identified the +8 hand axe "Yfrof" {drain, +Blink}
 38852 | Coc:7    | Identified the +2 flail of the Powerful God {vamp, *Corrode
                  | Str+4 Int+5}
 38921 | Coc:7    | Noticed Antaeus
 38933 | Coc:7    | Killed Antaeus
 38936 | Coc:7    | Got an icy rune of Zot
 39013 | Hell     | Found a gateway to the Iron City of Dis.
 39023 | Dis:1    | Entered Level 1 of the Iron City of Dis
 39557 | Dis:7    | Entered Level 7 of the Iron City of Dis
 39836 | Dis:7    | Noticed a juggernaut
 39837 | Dis:7    | Noticed Dispater
 39842 | Dis:7    | Killed a juggernaut
 39846 | Dis:7    | Killed Dispater
 39880 | Dis:7    | Got an iron rune of Zot
 40025 | Hell     | Found a gateway to the ashen valley of Gehenna.
 40038 | Geh:1    | Entered Level 1 of Gehenna
 40250 | Geh:3    | Noticed an ancient lich
 40260 | Geh:3    | Killed an ancient lich
 40541 | Geh:7    | Entered Level 7 of Gehenna
 40830 | Geh:7    | Reached skill level 27 in Invocations
 40885 | Geh:7    | Found the +13 sceptre of Asmodeus
 40885 | Geh:7    | Noticed Asmodeus
 40896 | Geh:7    | Killed Asmodeus
 40946 | Geh:7    | Reached skill level 5 in Evocations
 40956 | Geh:7    | Got an obsidian rune of Zot
 41163 | Hell     | Found a gateway to the decaying netherworld of Tartarus.
 41203 | Tar:1    | Entered Level 1 of Tartarus
 41452 | Tar:2    | Found a runed translucent door.
 41530 | Tar:3    | Reached skill level 10 in Evocations
 41626 | Tar:3    | You fall into a shaft and drop 1 floor!
 41665 | Tar:4    | Noticed an ancient lich
 41673 | Tar:4    | Killed an ancient lich
 41964 | Tar:7    | Entered Level 7 of Tartarus
 42149 | Tar:7    | Noticed a dread lich
 42151 | Tar:7    | Noticed an ancient lich
 42156 | Tar:7    | Killed a dread lich
 42158 | Tar:7    | Killed an ancient lich
 42174 | Tar:7    | Identified the staff "Laisch" {rPois rC+ rCorr Int-4 Ice
                  | Air}
 42228 | Tar:7    | Noticed the Serpent of Hell
 42244 | Tar:7    | Killed the Serpent of Hell
 42245 | Tar:7    | Reached skill level 15 in Evocations
 42253 | Tar:7    | Noticed Ereshkigal
 42260 | Tar:7    | Paralysed by Ereshkigal for 4 turns
 42272 | Tar:7    | Killed Ereshkigal
 42339 | Tar:7    | Got a bone rune of Zot
 42807 | Crypt:1  | Entered Level 1 of the Crypt
 42945 | Crypt:3  | Entered Level 3 of the Crypt
 43006 | Crypt:3  | Found a basalt altar of Yredelemnul.
 43287 | Crypt:3  | Identified the amulet of Napiz {rElec rPois rF- Regen+}
 43287 | Crypt:3  | Identified the ring of Qucezas {rN+ Stlth+}
 43287 | Crypt:3  | Identified the ring of Ataunlun {rF+ rN+ Will+ Str-2}
 43290 | Crypt:3  | Identified the +3 dagger of Offence {flame, Stlth+}
 43392 | Crypt:3  | Noticed Vv
 43401 | Crypt:3  | Killed Vv
 43403 | Crypt:3  | Noticed an ancient lich
 43407 | Crypt:3  | Killed an ancient lich
 43407 | Crypt:3  | Found a staircase to the Tomb.
 43412 | Crypt:3  | Got an ivory gem with 950 turns to spare
 43421 | Crypt:3  | Got the Textbook on the Undead
 43462 | Tomb:1   | Entered Level 1 of the Tomb of the Ancients
 43619 | Tomb:1   | Noticed a royal mummy
 43628 | Tomb:1   | Killed a royal mummy
 43900 | Tomb:2   | Noticed a royal mummy
 43901 | Tomb:2   | Noticed a royal mummy
 43908 | Tomb:2   | Killed a royal mummy
 43911 | Tomb:2   | Noticed a royal mummy
 43944 | Tomb:2   | Noticed a royal mummy
 43946 | Tomb:2   | Noticed a royal mummy
 43955 | Tomb:2   | Killed a royal mummy
 43973 | Tomb:2   | Killed a royal mummy
 43975 | Tomb:2   | Killed a royal mummy
 43978 | Tomb:2   | Identified the +11 morningstar of Duty {vamp, rF+ Str+5}
 43979 | Tomb:2   | Killed a royal mummy
 44189 | Tomb:2   | Lost mutation: You have an uncontrollable temper.
                  | [mutagenic glow]
 44285 | Tomb:3   | Entered Level 3 of the Tomb of the Ancients
 44297 | Tomb:3   | Noticed an ancient lich
 44297 | Tomb:3   | Noticed a royal mummy
 44298 | Tomb:3   | Noticed a royal mummy
 44299 | Tomb:3   | Noticed a royal mummy
 44299 | Tomb:3   | Noticed a royal mummy
 44299 | Tomb:3   | Noticed a royal mummy
 44299 | Tomb:3   | Noticed a royal mummy
 44299 | Tomb:3   | Noticed a royal mummy
 44299 | Tomb:3   | Noticed a royal mummy
 44301 | Tomb:3   | Got a golden rune of Zot
 44435 | Tomb:1   | Identified the +6 shortbow "Qajeleun" {freeze, rCorr Int+4
                  | SInv}
 45092 | Zot:3    | Identified the +2 ring mail of Reqichem {*Corrode rC+ SInv}
 45242 | Zot:5    | Entered Level 5 of the Realm of Zot
 45303 | Zot:5    | Noticed an orb of fire
 45306 | Zot:5    | Noticed an orb of fire
 45312 | Zot:5    | Noticed an orb of fire
 45312 | Zot:5    | Gained mutation: Your spells are a little easier to cast,
                  | but a little less powerful. [an orb of fire]
 45312 | Zot:5    | Gained mutation: You occasionally shout uncontrollably at
                  | your foes. [an orb of fire]
 45314 | Zot:5    | Noticed an orb of fire
 45314 | Zot:5    | Killed an orb of fire
 45315 | Zot:5    | Gained mutation: Your spells are easier to cast, but less
                  | powerful. [an orb of fire]
 45316 | Zot:5    | Lost mutation: You are agile. (Dex +4, Str/Int -1) [an orb
                  | of fire]
 45322 | Zot:5    | Killed an orb of fire
 45327 | Zot:5    | Noticed a dread lich
 45332 | Zot:5    | Killed an orb of fire
 45332 | Zot:5    | Gained mutation: Your health recovers twice as slowly from
                  | being drained. [an orb of fire]
 45333 | Zot:5    | Killed an orb of fire
 45333 | Zot:5    | Noticed an ancient lich
 45334 | Zot:5    | Killed a dread lich
 45343 | Zot:5    | Killed an ancient lich
 45401 | Zot:5    | Noticed an ancient lich
 45401 | Zot:5    | Killed an ancient lich
 45503 | Zot:5    | Got the Orb of Zot
 45518 | Zot:5    | Noticed Ubbacs the pandemonium lord
 45531 | Zot:5    | Killed Ubbacs the pandemonium lord
 45628 | Zot:3    | Noticed Jysaoqia the pandemonium lord
 45760 | Depths:2 | Noticed Xaducwe the pandemonium lord
 45760 | Depths:2 | Noticed an ancient lich
 45772 | Depths:1 | Killed Xaducwe the pandemonium lord
 46001 | D:10     | Noticed Qurast the pandemonium lord
 46008 | D:10     | Killed Qurast the pandemonium lord
 46040 | D:9      | Noticed Xidiogic the pandemonium lord
 46185 | D:$      | Escaped with the Orb!

Illustrated notes

Levels and vault maps discovered:
D:1:      dpeg_arrival_caged_fury, layout_rooms, ebering_ecumenical_altar_hall,
          hex_tiny, chequers_jeans, minmay_tetromino_i4
D:2:      layout_loops_ring, chequers_serial_rivers_large_a, bh_walls_and_bars
D:3:      layout_rooms, serial_bayou_pond_c, uniq_natasha, uniq_robin
D:4:      layout_basic, general_overflow_altar, minmay_temple_entry_waves,
          corexii_shack
D:5:      layout_cave_pools, mainiacjoe_overflow_six_doors_small,
          nicolae_shop_fire_sale [nicolae_sub_dead_trees], uniq_edmund,
          uniq_eustachio, uniq_sigmund
D:6:      layout_rooms, minmay_misc_feat_ornament, hex_large
D:7:      minmay_chambers_of_fours, layout_basic
D:8:      layout_basic, erik_lair_island, supply_closet_lemuel,
          hangedman_incinerator
D:9:      layout_gridville, minmay_misc_feat_nine_boxes
D:10:     layout_irregular_city, mainiacjoe_overflow_surrounded_room,
          enter_bailey_3, serial_shops, nicolae_shop_scrapyard, uniq_urug
D:11:     layout_basic, hiddenorc2_lemuel, serial_shops,
          nicolae_shop_advertising_works [nicolae_subvault_shop_adworks],
          uniq_josephine, uniq_grum
D:12:     minmay_the_grid_octo_tiled_octocenter
          [minmay_the_grid_octo_fat_diamond, minmay_the_grid_octo_empty,
          minmay_the_grid_octo_toaster, minmay_the_grid_octo_77,
          minmay_the_grid_octo_prize_square_snowflake,
          minmay_the_grid_square_5x5_tri_point, minmay_the_grid_square_5x5_mess,
          minmay_the_grid_square_5x5_eight_small,
          minmay_the_grid_square_5x5_lines], layout_cave_pods
D:13:     minmay_razor_zed, layout_gridville, david_vaults_5, serial_shops,
          kennysheep_mini, uniq_frances
D:14:     layout_loops_ring, minmay_misc_feat_hallway, uniq_rupert, uniq_jorgrun
D:15:     hellmonk_depths_entry_around_the_bend, layout_loops_ring,
          minmay_misc_feat_rugged
Temple:   compressed_dpeg_triangle_lava_temple
Lair:1:   layout_gridlike, grunt_megastairs_2, serial_bayou_shore_a
Lair:2:   layout_big_grid, nicolae_shoals_entry_roost,
          nicolae_spider_entry_orb_guardian, lemuel_fruit_fields,
          grunt_megastairs_5
Lair:3:   layout_concentric_octagons, st_stairs_4, infiniplex_staircase_pool
Lair:4:   beargit_carnivore_pack, layout_cave_pods
Lair:5:   minmay_lair_end_frog_pond, layout_gridlike,
          nicolae_slime_entry_field_trip
Shoals:1: layout_shoals
Shoals:2: layout_shoals, serial_shops, shop, uniq_nikola
Shoals:3: layout_shoals, nicolae_shoals_nautilus_by_nature,
          nicolae_specific_store
Shoals:4: shoals_end_grunt_ice, layout_shoals, shoal_ilsuiw,
          nicolae_shop_firing_range
Spider:1: layout_chambers, nicolae_spider_twisty_arc_passages, uniq_roxanne
Spider:2: layout_cave_pods
Spider:3: nicolae_spider_hall_of_the_moth_king,
          nicolae_spider_nooks_and_crannies
Spider:4: grunt_spider_rune_parallel
Slime:1:  layout_caves, cheibrodos_slime_lost_civilization_5
Slime:2:  cheibrodos_slime_lost_civilization_1, layout_caves
Slime:3:  layout_caves
Slime:4:  layout_caves
Slime:5:  slime_pit_nicolae_amoeboid
Orc:1:    layout_caves, uniq_harold, uniq_fannar
Orc:2:    pubby_orc_utopia, uniq_snorg, uniq_azrael
Elf:1:    eino_elf_arrival_the_gate, layout_loops_corners,
          nicolae_elf_crossing_hall, nrook_uturn
Elf:2:    nicolae_elf_blades_splatter_lattice [nooodl_blade_entry_preview],
          layout_onion_city, serial_shops, bzr_entry_dummy, minmay_shoptagon
Elf:3:    grunt_elf_hall_branching, layout_geoelf_octagon,
          hangedman_elven_pyramids
Vaults:1: nicolae_vaults_closet_pinwheel_2, nicolae_vaults_trapezoid_3,
          nicolae_vaults_network_barrier, nicolae_vaults_quadrants, v_misc_12,
          vaults_room_stairs_pillars, ontoclasm_vaults_shuriken,
          nicolae_vaults_more_shelving_2, layout_vaults_ring, uniq_donald
Vaults:2: nicolae_vaults_offset_grid_hallway_4, v_misc_18, not_door_vault_due,
          v_alt_pattern_2, vaults_standard_mumra_lines, v_misc_9,
          nicolae_vaults_little_squares_6, v_misc_30, v_misc_2,
          ontoclasm_vaults_ligature, layout_vaults_big_cross, serial_shops,
          freezing_bzr, uniq_aizul
Vaults:3: nicolae_vaults_little_squares_6, v_misc_31,
          nicolae_vaults_little_squares_2, hangedman_vaults_stretched_pinwheel,
          ontoclasm_vaults_claustrophobia, minmay_crypt_entry_simple_statues,
          nicolae_vaults_mini_display_case, nicolae_vaults_surprise_closet,
          layout_vaults_omnigrid, uniq_zenata
Vaults:4: nicolae_vaults_meiosis, nicolae_vaults_variable_pillar_hall,
          nicolae_vaults_storage_room_glass, v_misc_25,
          nicolae_vaults_apartment_2, vaults_room_corners,
          ontoclasm_vaults_loading_screen, vaults_room_semicircle,
          nicolae_vaults_alarming, vaults_room_door_ring,
          layout_vaults_big_room, enter_trove_2
Vaults:5: uniq_xtahua
Crypt:1:  layout_rooms, nicolae_crypt_paired_memorials, uniq_saint_roka
Crypt:2:  layout_chaotic_city, hellmonk_scarab_ruin
Crypt:3:  grunt_crypt_end_deaths_head, uniq_vv
Tomb:1
Tomb:2
Tomb:3:   uniq_khufu
Depths:1: layout_cave_shapes, enter_ziggurat_d, hangedman_tar_grid_catacomb,
          lemuel_coloured_pillars_altar, hangedman_research_toxicology,
          kennysheep_random_hallway
Depths:2: minmay_crescents, layout_gridville, elyvilon_altar_1, pan_entry,
          hell_entry, infiniplex_staircase_pillars_2, serial_bayou_shore_b,
          firewood_loft, uniq_boris
Depths:3: cross_vault, layout_cave_pools, abyss_entry,
          hangedman_decor_clover_reticule, serial_shops, bzr_entry_dummy,
          grunt_hell_entry_dis_old
Depths:4: evilmike_zot_entry_argh, layout_basic, hangedman_coc_ice_floe,
          serial_sigils_hangedman_scratch, minmay_microvault, uniq_josephina
Hell
Dis:1:    layout_gridville, nicolae_dis_distal_crystal
Dis:2:    layout_subdivisions
Dis:3:    layout_overlapping_boxes
Dis:4:    layout_gridville, nicolae_hells_seeping_fissure
Dis:5:    layout_gridville
Dis:6:    lightli_tower_of_babel
Dis:7:    dis_hangedman
Geh:1:    layout_gehenna_pools_box
Geh:2:    layout_gehenna_lava_caves
Geh:3:    layout_gehenna_pools_box
Geh:4:    layout_gehenna_lava_caves
Geh:5:    layout_gehenna_pools_triple
Geh:6:    layout_gehenna_lava_caves
Geh:7:    evilmike_geh
Coc:1:    layout_ice_bergs
Coc:2:    layout_cocytus_water_paths
Coc:3:    layout_ice_bergs, nicolae_coc_icebean_singular
          [nicolae_sub_coc_subbean]
Coc:4:    layout_cocytus_water_paths
Coc:5:    layout_ice_bergs
Coc:6:    layout_ice_bergs
Coc:7:    coc_dpeg
Tar:1:    nicolae_tar_funeral_procession, layout_cathedral_of_symmetry,
          nicolae_tar_honey_chapel
Tar:2:    nicolae_tar_ssshhh
Tar:3:    layout_catacombs, nicolae_hells_seeping_fissure
Tar:4:    layout_honeycomb
Tar:5:    layout_grid_maze
Tar:6:    layout_honeycomb
Tar:7:    tar_grunt_cathedral
Zot:1:    layout_onion, st_stairs_12, regret_index_zotdec_dark_gr
Zot:2:    layout_onion, hangedman_zot_decor_scrapings, basic_altar
Zot:3:    layout_basic, grunt_megastairs_3
Zot:4:    layout_basic, regret_index_zotdec_demonic_mixed
Zot:5:    layout_basic, grunt_ministairs_10

Skill      XL: |  1  2  3  4  5  6  7  8  9 10 11 12 13 14 15 16 17 18 19 20 21 22 23 24 25 26 27 |
---------------+----------------------------------------------------------------------------------+-----
Fighting       | 3 4 5 6 9 10 12 14 15 16 19 20 21 23 27 | 27.0
Dodging        | 2 3 4 5 6 8 10 11 13 14 16 19 20 22 25 27 | 27.0
Long Blades    | 8 9 12 14 17 19 21 24 27 | 27.0
Evocations     | 1 25 | 25.4
Invocations    | 5 12 15 27 | 27.0
Shields        | 5 7 11 16 18 | 18.0
Shapeshifting  | 9 16 19 22 26 27 | 27.0
Stealth        | 20 | 20.0
Short Blades   | |  2.4
Throwing       | |  2.0

Action                     |  1- 3 |  4- 6 |  7- 9 | 10-12 | 13-15 | 16-18 | 19-21 | 22-24 | 25-27 || total
---------------------------+-------+-------+-------+-------+-------+-------+-------+-------+-------++-------
  Melee: Dagger            |    75 |   173 |   336 |   384 |    12 |       |       |       |       ||   980
         Tailslap          |       |     4 |       |    10 |     1 |    10 |    25 |    13 |    59 ||   122
         Punch             |       |       |     5 |    19 |     1 |       |       |       |       ||    25
         Scimitar          |       |       |       |   467 |    48 |     7 |       |       |       ||   522
         Great sword       |       |       |       |    10 |   641 |  1061 |   473 |       |       ||  2185
         Maw               |       |       |       |       |       |   223 |       |       |       ||   223
         Eudemon blade     |       |       |       |       |       |       |   499 |  1255 |  3112 ||  4866
         Double sword      |       |       |       |       |       |       |       |       |   358 ||   358
  Throw: Dart              |     3 |     8 |    12 |     5 |       |       |       |       |       ||    28
 Invoke: Stomp             |       |       |     2 |       |       |       |     8 |       |       ||    10
         Grand Finale      |       |       |       |     1 |     1 |     2 |     3 |     5 |    27 ||    39
         Line Pass         |       |       |       |       |       |       |     1 |     1 |     2 ||     4
Ability: Begin Untransform |       |       |       |       |       |     1 |     1 |       |     1 ||     3
  Evoke: Wand              |       |       |       |    14 |       |       |     4 |     1 |    13 ||    32
         Condenser vane    |       |       |       |       |       |       |     1 |     1 |     4 ||     6
         Sack of spiders   |       |       |       |       |       |       |       |     1 |     2 ||     3
         Phial of floods   |       |       |       |       |       |       |       |       |     2 ||     2
         Phantom mirror    |       |       |       |       |       |       |       |       |     1 ||     1
    Use: Scroll            |       |       |     5 |    10 |     7 |    11 |    11 |     9 |    41 ||    94
         Potion            |       |       |       |     2 |     1 |     1 |     1 |       |    31 ||    36
   Stab: Sleeping          |     9 |     6 |     8 |    11 |    24 |    37 |    18 |    10 |    69 ||   192
         Paralysed         |       |       |     5 |    55 |    68 |    90 |    74 |   152 |   352 ||   796
         Petrified         |       |       |       |     4 |       |       |       |       |       ||     4
         Distracted        |       |       |       |     1 |     6 |     9 |     2 |     2 |    27 ||    47
         Held in net/web   |       |       |       |       |       |       |     1 |       |       ||     1
         Confused          |       |       |       |       |       |       |       |       |     3 ||     3
 Armour: Robe              |    26 |    67 |   108 |   204 |       |       |       |       |       ||   405
         Ring mail         |       |       |       |    71 |   120 |    24 |       |       |       ||   215
         Skin              |       |       |       |       |       |   265 |   330 |   347 |  1227 ||  2169
  Dodge: Dodged            |    33 |   101 |   237 |   682 |   492 |  1433 |  1695 |  1629 |  5738 || 12040
  Block: Other             |       |    13 |    59 |    15 |    81 |   199 |   100 |       |       ||   467
         Reflection        |       |     1 |     3 |       |     2 |     6 |    83 |    48 |   115 ||   258
         Buckler           |       |       |       |    23 |    20 |       |   179 |  1100 |  3408 ||  4730
         Kite shield       |       |       |       |       |       |       |   427 |       |       ||   427
   Form: Maw               |       |       |       |       |       |     2 |       |       |       ||     2
         Statue            |       |       |       |       |       |     1 |     1 |       |     1 ||     3
